 Seeded DCSS version 0.25-a0-435-g4b9beb1 (webtiles) character file.

Game seed: 4037872804680729407, levelgen mode: deterministic

84 araganzar the Slasher (level 4, -1/34 HPs)
             Began as a Vampire Chaos Knight on Jan 28, 2020.
             Was a Plaything of Xom.
             Slain by an orc
             ... wielding a +0 flail
              (8 damage)
             ... on level 3 of the Dungeon.
             The game lasted 00:06:50 (1485 turns).

araganzar the Slasher (Vampire Chaos Knight)        Turns: 1485, Time: 00:06:51

Health: -1/34      AC:  5    Str: 11    XL:     4   Next: 23%
Magic:  4/4        EV: 12    Int: 14    God:    Xom [......]
Gold:   108        SH:  0    Dex: 14    Spells: 3/3 levels left

rFire    + . .     SeeInvis +   a - +0 falchion (chaos)
rCold    + . .     Gourm    .   (no shield)
rNeg     . . .     Faith    .   b - +2 leather armour
rPois    .         Spirit   .   (no helmet)
rElec    .         Reflect  .   o - scarf {rC+ rF+}
rCorr    .         Harm     .   (no gloves)
MR       .....                  (no boots)
Stlth    +.........             (no amulet)
HPRegen  0.31/turn              (no ring)
MPRegen  0.09/turn              (no ring)

@: flying, regenerating quickly
A: no food, fangs 3, see invisible, unbreathing
a: Exsanguinate, Renounce Religion


You were on level 3 of the Dungeon.
You worshipped Xom.
You were a very special plaything of Xom.
You were alive.

You visited 1 branch of the dungeon, and saw 3 of its levels.

You collected 108 gold pieces.


Innate Abilities, Weirdness & Mutations

You do not eat.
Your natural rate of healing is unusually fast.
You have razor-sharp teeth.
You have supernaturally acute eyesight. (SInv)
You can survive without breathing.


   Skills:
 - Level 2.6 Fighting
 + Level 5.1 Long Blades
 - Level 0.7 Armour
 - Level 2.1 Dodging


You had 3 spell levels left.
You didn't know any spells.
Your spell library was empty.

Inventory:

Hand Weapons
 a - a +0 falchion of chaos (weapon)
 j - a +4 dagger
   (You found it on level 1 of the Dungeon)
Missiles
 c - 82 stones (quivered)
 e - 25 sling bullets
 n - 14 poisoned darts
Armour
 b - a +2 leather armour (worn)
 o - a scarf of resistance (worn)
   (You found it on level 2 of the Dungeon)
Scrolls
 f - a scroll of enchant armour {unknown}
 g - a scroll of remove curse {unknown}
 h - 2 scrolls of identify {unknown}
 k - a scroll of enchant weapon {unknown}
 l - a scroll of teleportation {unknown}
Potions
 m - a potion of curing
 p - a potion of agility {unknown}

#.#.o. .. #..##.##.# ..#.##.#
#..##..... .......# #...
#..#####.# .##.# #...#
#..#####.# <...# #...#
####........# ###.## #...#
#....######## ##.## #...#
####.##### #####
##.####...#####........#
#.)..
#.........oo@..####.#.###....
##..........oo..# #.#.>......
#............o>.# #.#####....
#..#####...####### #.# #....
...#. #...# ##.## ##### .....
#...# #...# #.### ####...###
###.#.#### # #.........#
#...#....##### #.#.#...#.#
#.#####.......


You could see 2 orc priests and 3 orcs.


Message History

The orc hits you with a +0 flail.
The orc priest hits you with a +0 flail.
You take 9 damage, and have 14/34 hp.
MASSIVE DAMAGE!!
Unknown command.
Okay, then.
It was a potion of curing.
You feel better. The orc barely misses you.
You riposte.
You closely miss the orc. The orc hits you with a +0 whip.
The orc priest barely misses you.
You regained 3 hp, and now have 17/34 hp.
Unknown command.
Unknown command.
Okay, then.
Unknown command.
It was a potion of magic.
Magic courses through your body.
Xom roars with laughter!
The orc hits you with a +0 whip. The orc priest misses you.
The orc hits you with a +0 flail.
* * * LOW HITPOINT WARNING * * *
You take 11 damage, and have 6/34 hp.
MASSIVE DAMAGE!!
Unknown command.
Unknown command.
Unknown command.
It was a potion of flight.
You feel very buoyant.
You fly up into the air.
The orc priest barely misses you. The orc hits you but does no damage.
The orc hits you with a +0 flail!
You die...
Xom guffaws!

Action                   |  1- 3 |  4- 6 || total
-------------------------+-------+-------++-------
Melee: Falchion          |    92 |    26 ||   118
       Bite              |     7 |     2 ||     9
Throw: Stone             |     6 |       ||     6
  Use: Potion            |       |     3 ||     3
Armor: Leather armour    |    36 |     8 ||    44
Dodge: Dodged            |    53 |    21 ||    74
       Rpst.: Falchion   |    16 |     6 ||    22

Levels and vault maps discovered:
D:1:      minmay_arrival_loop, layout_loops_ring, minmay_pentomino_u4
D:2:      layout_loops_ring, nicolae_ashenzari_panopticon,
          nicolae_tso_swordbearing_angel, minmay_misc_feat_encased
D:3:      layout_loops_cross

Notes
Turn   | Place    | Note
-------+----------+-------------------------------------------
     0 | D:1      | araganzar the Vampire Chaos Knight began the quest for the
                  | Orb.
     0 | D:1      | Reached XP level 1. HP: 17/17 MP: 1/1
   180 | D:1      | Reached XP level 2. HP: 23/23 MP: 2/2
   188 | D:1      | XOM: silly message
   243 | D:1      | XOM: potion effect (agility)
   500 | D:1      | XOM: harmless Erth miscast
   501 | D:1      | You fall into a shaft and drop 1 floor!
   503 | D:2      | Found a shattered altar of Ashenzari.
   620 | D:2      | You fall into a shaft and drop 1 floor!
   636 | D:3      | XOM: harmless Tloc miscast
   771 | D:2      | Reached skill level 4 in Long Blades
   873 | D:2      | XOM: noise
   875 | D:2      | Reached XP level 3. HP: 23/28 MP: 3/3
  1110 | D:2      | Found a glowing golden altar of the Shining One.
  1217 | D:2      | Reached XP level 4. HP: 29/34 MP: 4/4
  1222 | D:2      | Reached skill level 5 in Long Blades
  1485 | D:3      | Slain by an orc

Vanquished Creatures
  5 adders
  2 dart slugs
  5 bats
  3 giant cockroaches
  3 goblins
  5 hobgoblins
  2 quokkas (D:2)
  A ball python (D:1)
  3 frilled lizards
  5 kobolds
  A rat (D:2)
35 creatures vanquished.
